Map: Ascension to Aiur LE

Players

Pono - Winner!

  • Race: Zerg Zerg
  • Spawn Location: 5:00

AlienViruz

  • Race: Terran Terran
  • Spawn Location: 11:00

Event: WCS Montreal 2017

VOD

Have the link to the VOD?

Description

Time

  • Played on: Sept. 8, 2017, 12:02 p.m.
  • Length: 11:32

All games in this series

Show
View Real Time Build Order
Export as new Build Order

Pono Zerg - Winner!

Build Orders: Pool First 

Get SALT Encoding   

  12  0:01  Drone  
  13  0:12  Overlord  
  13  0:17  Drone  
  14  0:30  Drone x2  
  16  0:37  Drone  
  17  0:46  Spawning Pool  
  17  0:49  Drone  
  17  0:55  Drone  
  18  1:17  Hatchery  
  17  1:25  Drone  
  17  1:26  Drone  
  17  1:32  Queen  
  19  1:34  Zergling x2  
  22  1:45  Overlord  
  22  2:07  Hatchery  
  21  2:08  Queen  
  21  2:13  Drone  
  24  2:34  Drone x4  
  28  2:39  Drone  
  28  2:40  Drone x3  
  32  2:52  Queen  
  33  3:02  Extractor  
  32  3:06  Drone  
  32  3:07  Drone x3  
  36  3:13  Overlord  
  36  3:14  Overlord  
  36  3:23  Drone x5  
  41  3:28  Drone  
  41  3:31  Queen  
  44  3:36  Overlord  
  44  3:43  Drone  
  44  3:44  Extractor, Drone x2  
  44  3:46  Queen x2  
  50  4:01  Metabolic Boost  
  50  4:02  Drone x2  
  52  4:03  Drone x3  
  52  4:05  Drone  
  52  4:06  Queen, Drone  
  59  4:26  Spine Crawler  
  59  4:29  Zergling x16  
  59  4:31  Overlord x2  
  66  4:50  Overlord x2  
  66  4:51  Zergling x14  
  73  4:55  Baneling Nest, Lair  
  73  4:58  Zergling x4  
  74  5:06  Spore Crawler  
  73  5:08  Spore Crawler  
  73  5:09  Spore Crawler  
  73  5:10  Zergling x6  
  73  5:11  Zergling x4  
  76  5:22  Drone  
  76  5:23  Drone x6  
  81  5:35  Zergling x12  
  85  5:40  Roach Warren  
  84  5:57  Drone x8  
  83  6:02  Extractor  
  83  6:03  Overlord x3, Extractor  
  88  6:06  Centrifical Hooks  
  88  6:24  Hatchery  
  87  6:30  Drone x3  
  87  6:31  Drone x3  
  93  6:35  Extractor, Drone x3  
  93  6:36  Extractor  
  93  6:39  Drone  
  95  6:40  Drone x2  
  95  6:41  Drone  
  95  6:42  Drone  
  86  6:58  Zergling x2  
  86  6:59  Zergling x8  
  90  7:07  Zergling x2  
  90  7:08  Zergling x6  
  91  7:20  Zergling x2  
  91  7:21  Zergling x8  
  96  7:23  Hatchery  
  96  7:28  Infestation Pit  
  94  7:31  Evolution Chamber  
  94  7:33  Evolution Chamber  
  89  7:40  Zergling x2  
  89  7:41  Zergling x20  
  89  7:43  Baneling x7  
  89  7:44  Baneling x4  
  98  7:45  Baneling x6  
  98  7:46  Baneling  
  98  7:59  Drone x2  
  98  8:00  Drone x7  
  98  8:03  Zerg Melee Weapons Level 1  
  98  8:04  Zerg Ground Armor Level 1  
  107  8:05  Pathogen Glands  
  107  8:09  Zergling x6  
  107  8:10  Zergling x10  
  107  8:12  Overlord x3  
  115  8:13  Overlord  
  115  8:19  Overlord  
  115  8:20  Overlord  
  115  8:23  Hive  
  115  8:26  Drone x3  
  112  8:36  Zergling x2  
  112  8:37  Zergling x12  
  102  8:53  Infestor x6  
  102  8:54  Infestor x2  
  118  8:56  Burrow  
  118  9:15  Extractor  
  118  9:16  Drone x3  
  120  9:17  Extractor, Drone x3  
  120  9:21  Drone x2  
  124  9:26  Zergling x12  
  124  9:27  Zergling x24  
  124  9:28  Extractor  
  124  9:29  Baneling  
  124  9:30  Baneling x3  
  124  9:31  Baneling x2  
  141  9:32  Baneling  
  141  9:33  Extractor  
  141  9:34  Hatchery  
  141  9:36  Baneling x7  
  141  9:37  Baneling x3  
  141  9:38  Baneling  
  139  9:45  Drone  
  139  9:46  Drone x3  
  139  9:47  Drone x2  
  145  10:13  Zergling x22  
  145  10:14  Zergling x32  
  150  10:44  Zergling x2  
  150  10:45  Zergling x44  
  150  10:48  Baneling  
  150  10:49  Baneling x16  
Show
View Real Time Build Order
Export as new Build Order

AlienViruz Terran 

Build Orders:  

Get SALT Encoding   

  12  0:01  SCV  
  13  0:13  SCV  
  14  0:17  Supply Depot  
  14  0:25  SCV  
  15  0:33  Refinery  
  15  0:39  SCV  
  16  0:46  Barracks  
  16  0:58  SCV  
  16  1:03  Refinery  
  17  1:10  SCV  
  18  1:34  SCV  
  19  1:40  Factory  
  19  1:42  Supply Depot  
  19  1:47  Reaper  
  19  1:49  SCV  
  21  2:12  Orbital Command  
  21  2:20  Barracks Reactor  
  21  2:27  Hellion  
  23  2:34  Factory  
  22  3:02  SCV  
  23  3:06  Supply Depot  
  23  3:18  Barracks Reactor  
  25  3:21  Hellion  
  25  3:22  Hellion x2  
  25  3:25  SCV  
  30  3:29  Starport  
  30  3:33  Armory  
  30  3:49  Hellion  
  32  3:59  Marine x2  
  32  4:01  Hellion  
  36  4:07  Medivac  
  38  4:15  SCV  
  39  4:48  Terran Vehicle Weapons Level 1  
  39  5:04  Medivac, SCV  
  39  5:05  Supply Depot, Hellion x2  
  46  5:26  Widow Mine x3  
  46  5:27  Hellion  
  54  5:47  Liberator, Widow Mine  
  54  5:49  Hellion x4  
  52  5:55  Hellion x3  
  53  6:03  Barracks Tech Lab  
  51  6:05  SCV  
  55  6:30  Liberator  
  55  6:33  Supply Depot, Marine x2, SCV, Hellion  
  60  6:43  Terran Vehicle And Ship Armor Level 1  
  60  6:52  Marine  
  54  7:15  Siege Tank  
  57  7:18  Marine x2, Hellion  
  57  7:20  SCV  
  62  7:30  Medivac  
  62  7:36  Marine  
  57  7:47  Hellion x2  
  57  7:48  Siege Tank, Marine  
  65  7:53  Barracks  
  65  7:54  Marine  
  65  7:57  Engineering Bay  
  66  8:00  Medivac  
  68  8:24  Hellion  
  43  8:41  Hellion  
  43  8:42  Marine x2, Hellion  
  43  8:43  Barracks Reactor  
  43  8:44  Terran Infantry Weapons Level 1  
  43  8:45  Siege Tank  
  43  8:46  Medivac  
  54  9:00  Marine x2  
  56  9:03  Hellion  
  56  9:06  Command Center  
  58  9:18  Marine  
  58  9:22  Siege Tank  
  58  9:23  Widow Mine x2  
  66  9:44  Marine x2  
  68  9:52  Widow Mine  
  70  10:27  Widow Mine  
  65  10:35  Marine  
  65  10:36  Marine x2  
  40  10:53  Marine  
Tags
 
Add a new tag
Caveats
  • Supply blocks, unpowered buildings, or Contaminate may cause inaccurate times.
  • Supply counts are checked every 10 seconds.